 Dungeon Crawl Stone Soup version 0.32-a0-938-g40ac7a0f4d (webtiles) character file.

Game seed: 17063964833413239906

1514 KennySheep the Conjurer (level 8, -3/43 HPs)
             Began as a Deep Elf Wanderer on Apr 15, 2024.
             Was a Priest of Vehumet.
             Slain by a two-headed ogre
             ... wielding a +0 giant spiked club
              (17 damage)
             ... on level 7 of the Dungeon.
             The game lasted 00:41:12 (6311 turns).

KennySheep the Conjurer (Deep Elf Wanderer)         Turns: 6311, Time: 00:41:12

Health: -3/43      AC:  4    Str: 11    XL:     8   Next: 53%
Magic:  9/19       EV: 11    Int: 18    God:    Vehumet [***...]
Gold:   250        SH:  0    Dex: 14    Spells: 13/19 levels left

rFire   . . .        a - staff of conjuration
rCold   . . .        (no shield)
rNeg    . . .        q - +1 robe "Qofud" {+Inv Archmagi}
rPois   .            (no helmet)
rElec   .            (no cloak)
rCorr   .            c - +0 pair of gloves
SInv    +            (no boots)
Will    .....        (no amulet)
Stlth   ++           y - ring of see invisible
HPRegen 0.27/turn    (no ring)
MPRegen 0.16/turn

%: archmagi
@: no status effects
A: no striking features
a: Renounce Religion, Evoke Invisibility


You were on level 7 of the Dungeon.
You worshipped Vehumet.
Vehumet was most pleased with you.
You visited 2 branches of the dungeon, and saw 8 of its levels.

You collected 370 gold pieces.
You spent 120 gold pieces at shops.

Inventory:

Hand Weapons
 b - a +2 rapier of speed
Missiles
 C - 2 throwing nets
Armour
 c - a +0 pair of gloves (worn)
 e - a +0 robe
 q - the +1 robe "Qofud" (worn) {+Inv Archmagi}
   (You found it on level 5 of the Dungeon)

   +Inv:      It lets you turn invisible.
   Archmagi:  It increases the power of your magical spells.
 F - an orb of light
Magical Staves
 a - a staff of conjuration (weapon)
Jewellery
 y - a ring of see invisible (left hand)
 z - an amulet of guardian spirit
Wands
 r - a wand of flame (10)
 E - a wand of polymorph (7)
Scrolls
 d - a scroll of fog
 i - a scroll of amnesia
 j - a scroll of enchant weapon
 m - 2 scrolls of teleportation
 n - a scroll of torment {unknown}
 o - 2 scrolls of revelation
 t - a scroll of acquirement {unknown}
 v - a scroll of immolation
 A - a scroll of blinking {unknown}
 D - a scroll of vulnerability {unknown}
Potions
 f - a potion of curing
 g - a potion of mutation {unknown}
 h - 3 potions of heal wounds
 k - a potion of invisibility
 p - 4 potions of brilliance
 s - a potion of might {unknown}
 u - a potion of attraction
 x - a potion of magic
 B - a potion of enlightenment {unknown}


   Skills:
 - Level 1.3 Fighting
 - Level 1.0 Long Blades
 - Level 4.1 Axes
 - Level 1.3 Ranged Weapons
 - Level 1.0 Armour
 - Level 1.1 Dodging
 - Level 2.9 Stealth
 + Level 6.2 Spellcasting
 * Level 6.4 Conjurations
 + Level 5.2 Hexes
 * Level 4.1 Translocations
 - Level 1.0 Alchemy
 + Level 3.3 Evocations


You had 13 spell levels left.
You knew the following spells:

 Your Spells              Type           Power      Damage    Failure   Level
a - Hailstorm             Conj/Ice       38%        3d9       2%          3
b - Jinxbite              Hex            72%        N/A       1%          2
c - Sting                 Conj/Alch      100%       1d9       1%          1

Your spell library contained the following spells:

 Spells                   Type           Power      Damage    Failure   Level
 Airstrike                Air            4%         2d(1-17)  28%         4
 Sandblast                Erth           16%        2d6       3%          1
 Lesser Beckoning         Tloc           62%        N/A       3%          2
 Maxwell's Portable Pile  Tloc           31%        2d(8-22)  6%          3
 Teleport Other           Tloc           31%        N/A       6%          3
 Yara's Violent Unravell  Hex/Alch       12%        3d7       22%         5
 Dispersal                Tloc           15%        N/A       97%         6
 Gell's Gavotte           Tloc           15%        2d(18-27) 97%         6
 Enfeeble                 Hex            18%        N/A       100%        7
 Manifold Assault         Tloc           15%        N/A       100%        7
 Disjunction              Tloc           15%        N/A       100%        8


Dungeon Overview and Level Annotations

Branches:
Dungeon (7/15)             Temple (1/1) D:5

Altars:
Ashenzari
Cheibriados
Dithmenos
Elyvilon
Kikubaaqudgha
Makhleb
Nemelex Xobeh
Qazlal
Ru
Sif Muna
Trog
Vehumet
Wu Jian
Xom
Yredelemnul
The Shining One

Shops:
D:6 *

Annotations:
D:6 2 runed translucent doors


Message History

You feel your power returning.
The acid dragon scales are intact enough to wear.
The two-headed ogre barely misses you.
The two-headed ogre hits you with a +0 dire flail!
Your Translocations skill increases to level 4!
As you read the scroll of fear, it crumbles to dust.
You assume a fearsome visage.
The iguana looks frightened!
The two-headed ogre looks frightened!
The laughing skull is unaffected.
Cornered, the two-headed ogre turns to fight!
Things that are here:
a +0 scimitar; a +0 chain mail Cornered, the iguana turns to fight!
There is an open door here.
Aiming: Sting (safe; 1% risk of failure)
Press: ? - help, Q - select action, (/) - cycle Shift-Dir - straight line, f - two-headed ogre
Aim: a two-headed ogre, wielding a +0 giant spiked club and a +0 dire flail (heavily wounded, 89% to hit)
You feel a strong surge of power!
The sting misses the two-headed ogre.
Casting: Sting (safe; 1% risk of failure)
Confirm with . or Enter, or press ? or * to list all spells.
Casting: Hailstorm (dangerous; 2% risk of failure)
Press: ? - help, Dir - look around, f - activate You feel a strong surge of power!
A cannonade of hail descends around you!
The hail pelts the two-headed ogre!
The two-headed ogre is severely wounded.
The hail pelts the laughing skull!
The laughing skull is almost destroyed.
Okay, then.
Okay, then.
Casting: Hailstorm (dangerous; 2% risk of failure)
Confirm with . or Enter, or press ? or * to list all spells.
Aiming: Sting (safe; 1% risk of failure)
Press: ? - help, Shift-Dir - straight line, f - two-headed ogre
Aim: a two-headed ogre, wielding a +0 giant spiked club and a +0 dire flail (severely wounded, 89% to hit)
You feel a strong surge of power!
The sting hits the two-headed ogre!
The two-headed ogre is poisoned.
The two-headed ogre is almost dead.
The two-headed ogre hits you with a +0 giant spiked club!
The two-headed ogre hits you with a +0 dire flail!
You die...

##### ####...#
######O)'.♣.#
#..z'%..#.♣.#
+l[######l♣.# #
#.@Oz....#
#######.########
#♣....♣♣.♣♣♣...♣
..
#.≈≈≈....♣♣..♣.♣#
..
#.~~.♣.♣)♣.≈~≈..#
..
#♣♣..♣.♣......P♣#
). ♣♣♣♣♣♣÷♣♣♣♣♣♣♣
.. ### ##'## ..
♣♣.♣♣#...# ..


You could see a two-headed ogre (poisoned), a laughing skull and an iguana.

Vanquished Creatures
  An acid dragon (D:7)
  A laughing skull (D:7)
  An orc warrior (D:7)
  A sky beast (D:7)
  A centaur (D:7)
  A gnoll sergeant (D:7)
  A bullfrog (D:6)
  4 scorpions
  A howler monkey (D:6)
  4 jellies
  2 hounds
  4 iguanas
  2 orc wizards
  7 adders
  4 gnolls (D:6)
  A shadow imp (D:6)
  2 white imps
  2 ufetubi
  A dart slug (D:1)
  A ribbon worm (D:4)
  10 orcs
  2 bats
  3 endoplasms
  4 giant cockroaches
  7 goblins
  15 hobgoblins
  4 jackals
  5 quokkas
  7 ball pythons
  3 frilled lizards
  10 kobolds
  5 rats
117 creatures vanquished.

Vanquished Creatures (collateral kills)
  A phantom (D:7)
1 creature vanquished.

Vanquished Creatures (others)
  A ribbon worm (D:3)
  An orc (D:3)
  A goblin (D:3)
  A rat (D:3)
4 creatures vanquished.

Grand Total: 122 creatures vanquished

Notes
Turn   | Place    | Note
-------+----------+-------------------------------------------
     0 | D:1      | KennySheep the Deep Elf Wanderer began the quest for the
                  | Orb.
     0 | D:1      | KennySheep set off with the following items: a +0 war axe,
                  | a +0 falchion, a +0 pair of gloves, a scroll of fog, a +0
                  | robe.
     0 | D:1      | Reached XP level 1. HP: 12/12 MP: 3/3
   130 | D:1      | Reached skill level 1 in Ranged Weapons
   130 | D:1      | Reached XP level 2. HP: 7/16 MP: 4/4
   458 | D:1      | Reached skill level 1 in Dodging
   746 | D:2      | Found a faded altar of an unknown god.
   751 | D:2      | Prayed at the altar of an unknown god.
   751 | D:2      | Became a worshipper of Vehumet
   751 | D:2      | Reached * piety under Vehumet
   751 | D:2      | Offered knowledge of Sandblast by Vehumet.
   846 | D:2      | Reached skill level 1 in Spellcasting
   846 | D:2      | Reached XP level 3. HP: 8/20 MP: 4/6
  1007 | D:2      | Reached skill level 1 in Conjurations
  1139 | D:2      | Learned a level 1 spell: Sandblast
  1245 | D:2      | Reached XP level 4. HP: 13/25 MP: 7/10
  1447 | D:2      | Learned a level 2 spell: Jinxbite
  1602 | D:2      | Offered knowledge of Sting by Vehumet.
  1605 | D:2      | Learned a level 1 spell: Sting
  1647 | D:2      | Reached ** piety under Vehumet
  2056 | D:3      | Upgraded the game from 0.32-a0-933-ga8fa3634e4 to
                  | 0.32-a0-938-g40ac7a0f4d
  2344 | D:3      | Found a shimmering blue altar of Sif Muna.
  2345 | D:3      | Found an ancient bone altar of Kikubaaqudgha.
  2372 | D:3      | Found a glowing golden altar of the Shining One.
  2645 | D:3      | Reached skill level 1 in Hexes
  2830 | D:3      | Found a shimmering altar of Xom.
  3203 | D:4      | Reached XP level 5. HP: 29/29 MP: 12/12
  3433 | D:4      | Found a sacrificial altar of Ru.
  3593 | D:4      | Found a broken altar of Ashenzari.
  3961 | D:4      | Found a white marble altar of Elyvilon.
  3968 | D:4      | Reached XP level 6. HP: 34/34 MP: 10/14
  4173 | D:5      | Entered Level 5 of the Dungeon
  4257 | D:5      | Found a staircase to the Ecumenical Temple.
  4278 | Temple   | Entered the Ecumenical Temple
  4483 | D:5      | Offered knowledge of Hailstorm by Vehumet.
  4484 | D:5      | Reached skill level 1 in Evocations
  4488 | D:5      | Learned a level 3 spell: Hailstorm
  4744 | D:5      | Identified the +1 robe "Qofud" {+Inv Archmagi}
  4776 | D:5      | Reached XP level 7. HP: 38/38 MP: 16/16
  4784 | D:5      | Reached skill level 1 in Alchemy
  4893 | D:6      | Reached *** piety under Vehumet
  4894 | D:6      | Reached skill level 5 in Spellcasting
  4927 | D:6      | Reached skill level 1 in Translocations
  5031 | D:6      | Found Jyfer's Assorted Antiques.
  5036 | D:6      | Bought a scroll labelled HIUH UPPODEK for 20 gold pieces
  5036 | D:6      | Bought a dented diamond amulet for 100 gold pieces
  5106 | D:6      | Found a runed translucent door.
  5206 | D:6      | Reached skill level 5 in Conjurations
  5458 | D:6      | Found an ornate altar of the Wu Jian Council.
  5627 | D:6      | Found a runed translucent door.
  5953 | D:7      | Offered knowledge of Airstrike by Vehumet.
  5962 | D:7      | Reached XP level 8. HP: 32/43 MP: 1/18
  6214 | D:7      | Reached skill level 5 in Hexes
  6295 | D:7      | Noticed a two-headed ogre
  6311 | D:7      | Slain by a two-headed ogre

Illustrated notes

Levels and vault maps discovered:
D:1:      psy_arrival_wood_between_worlds, layout_basic, nicolae_hexahallways
D:2:      layout_loops_corners, nicolae_ecumenical_oubliette, minmay_distorted
D:3:      layout_basic, xom_confusion_cloud,
          gammafunk_temple_overflow_forgotten, st_stairs_13
D:4:      layout_rooms, mainiacjoe_overflow_alcove_4,
          nicolae_ru_great_annihilating_truth, nicolae_ashenzari_skybound,
          kennysheep_generic_room_12
D:5:      layout_loops_ring, minmay_temple_entry_stoned_glass
D:6:      lemuel_insect_pit, layout_loops_ring, kennysheep_mini_moat,
          serial_shops, nicolae_shop_pleasant_corner_grove, nrook_mini_vaults
D:7:      nzn_winding_woodlands_stair_cross [nzn_winding_woodlands_5x15_eye,
          nzn_winding_woodlands_center_lodge,
          nzn_winding_woodlands_5x15_pathside_ponds,
          nzn_winding_woodlands_5x5_default,
          nzn_winding_woodlands_5x5_perimeter,
          nzn_winding_woodlands_5x15_split_checker,
          nzn_winding_woodlands_center_pierced_h,
          nzn_winding_woodlands_5x15_longhouse], layout_cave_pools,
          overflow_temple_1_default, grunt_decor_junction, roderic_batcave
Temple:   hellmonk_temple_flake

Skill      XL: |  1  2  3  4  5  6  7  8 |
---------------+-------------------------+-----
Ranged Weapons | 1 |  1.3
Dodging        | 1 |  1.1
Spellcasting   | 1 2 3 4 5 6 |  6.2
Conjurations   | 1 2 3 4 5 6 |  6.4
Hexes          | 1 2 3 4 5 |  5.2
Evocations     | 1 2 3 |  3.3
Alchemy        | 1 |  1.0
Translocations | 2 4 |  4.1
Fighting       | |  1.3
Long Blades    | |  1.0
Axes           | |  4.1
Armour         | |  1.0
Stealth        | |  2.9

Action                     |  1- 3 |  4- 6 |  7- 9 || total
---------------------------+-------+-------+-------++-------
  Melee: War axe           |    36 |       |       ||    36
         Rapier            |       |     2 |       ||     2
         Staff             |       |     1 |     3 ||     4
   Fire: Sling             |    72 |   127 |       ||   199
   Cast: Sting             |       |   106 |    57 ||   163
         Hailstorm         |       |       |    22 ||    22
    Use: Potion            |     1 |     7 |     1 ||     9
         Scroll            |       |     6 |     4 ||    10
   Stab: Sleeping          |     1 |     1 |       ||     2
 Armour: Robe              |    57 |    68 |    33 ||   158
  Dodge: Dodged            |    60 |    52 |    41 ||   153

Table legend: (Time is in decaauts)
 A = Elapsed time spent in this place.
 B = Non-inter-level travel time spent in this place.
 C = Inter-level travel time spent in this place.
 D = Time resting spent in this place.
 E = Time spent auto-exploring this place.
 F = Levels seen in this place.
 G = Mean time per level.
                   A        B        C        D        E       F      G
               +--------+--------+--------+--------+--------+-----+--------+
         Total |   6385 |   6138 |    247 |    725 |   4321 |   8 |  798.1 |
       Dungeon |   6383 |   6136 |    247 |    725 |   4321 |   7 |  911.9 |
        Temple |      1 |      1 |      0 |      0 |      0 |   1 |    1.0 |
               +--------+--------+--------+--------+--------+-----+--------+

Top non-repeatable levels by time:
     D:3: 1222 daAuts
     D:2: 1219 daAuts
     D:6: 1067 daAuts
     D:4: 1059 daAuts
     D:1: 824 daAuts
     D:5: 612 daAuts
     D:7: 378 daAuts
  Temple: 1 daAuts
